AoeStats
← LamaStar1101

Arena

507783255Analyzed
1v1 RM · 12d ago on Sep 19, 2026· 46m 20s· 2 players
Game mode
Random Map
Map size
Tiny (2 player)
Population
200
Speed
Normal
Resources
Standard
Victory
Conquest
Starting age
Dark Age
Ending age
Imperial Age
RankedLock teamsTeams togetherTeam positionsShared explorationLock speedFull tech treeHidden civsTurbo modeCheats
Victory
Defeat
🇩🇪 Franks · Germany
307
+15
🇬🇧 Aztecs · United Kingdom
296
-15
ralphwatson
12:16 Feudal Age
17:09 Castle Age
18:34 Double-Bit Axe
22:19 Wheelbarrow
26:08 Hand Cart
27:00 Bow Saw
26:47 Gold Mining
26:48 Stone Mining
28:16 Pikeman
32:03 Gold Shaft Mining
32:37 Fletching
32:48 Padded Archer Armor
33:05 Forging
32:56 Scale Mail Armor
34:19 Atlatl
38:36 Imperial Age
36:34 Horse Collar
LamaStar1101
10:37 Feudal Age
11:55 Wheelbarrow
11:09 Double-Bit Axe
13:37 Gold Mining
17:47 Castle Age
18:44 Hand Cart
18:42 Bow Saw
22:11 Stone Mining
26:23 Husbandry
26:38 Pikeman
29:26 Gold Shaft Mining
30:14 Scale Barding Armor
31:36 Chain Barding Armor
36:30 #83
36:18 Padded Archer Armor
36:18 Scale Mail Armor
36:09 Fletching
37:44 Town Watch
37:44 Loom
41:13 Imperial Age
38:52 Town Patrol
42:03 Cavalier
45:19 Paladin
Connection lost

Rejoining the realm…

Still unreachable

The connection could not be restored.

Session expired

The server has moved on; the page needs a fresh start.